 Dungeon Crawl Stone Soup version 0.16-a0-326-g6f2d4d4 (webtiles) character file.

98 Autism the Shield-Bearer (level 4, -1/38 HPs)
             Began as a Demigod Fighter on Sept 4, 2014.
             Slain by Sigmund
             ... wielding a +0 scythe
              (3 damage)
             ... on Level 3 of the Dungeon.
             The game lasted 00:19:04 (1974 turns).

Autism the Shield-Bearer (Demigod Fighter)          Turns: 1974, Time: 00:19:04

HP  -1/38        AC  9     Str 19      XL: 4   Next: 21%
MP  16/16        EV  6     Int 13      God:
Gold 198         SH  9     Dex 17      Spells:  0 memorised,  3 levels left

rFire  . . .     SeeInvis .     a - +0 war axe
rCold  . . .     Clarity  .     b - +0 scale mail
rNeg   . . .     rCorr    .     c - +0 shield
rPois  .         rRot     .     B - +0 helmet
rElec  .         Spirit   .     (no cloak)
SustAb .         Warding  .     w - +0 pair of gloves
rMut   +         Stasis   .     (no boots)
Gourm  .                        y - amulet of resist mutation
MR     .....                    (no ring)
                                p - ring of magical power

@: not resistant to hostile enchantments, extremely unstealthy
A: no striking features
a: no special abilities


You were on level 3 of the Dungeon.
You were not hungry.

You visited 1 branch of the dungeon, and saw 3 of its levels.

You collected 198 gold pieces.

Inventory:

Hand weapons
 a - a +0 war axe (weapon)
 g - a +0 short sword
 k - a +0 spear
 t - a +2 dagger of venom
 z - a +0 hand axe
Armour
 b - a +0 scale mail (worn)
 c - a +0 shield (worn)
 f - a +0 hat
 o - a +0 ring mail
 w - a +0 pair of gloves (worn)
 x - a +0 leather armour
 B - a +0 helmet (worn)
Comestibles
 d - 2 bread rations
 i - a beef jerky
 l - 5 fruits
 s - 2 meat rations
Scrolls
 h - 4 scrolls of identify {unknown}
 j - a scroll of noise {unknown}
 m - 2 scrolls of remove curse {unknown}
 n - 2 scrolls of magic mapping {unknown}
 r - a scroll of immolation {unknown}
 u - a scroll of recharging {unknown}
 v - a scroll of amnesia {unknown}
 A - a scroll of teleportation {unknown}
Jewellery
 p - a ring of magical power (left hand)
 y - an amulet of resist mutation (around neck)
Potions
 e - a potion of might
 q - a potion of curing {unknown}


   Skills:
 + Level 3.0 Fighting
 + Level 2.4 Axes
 + Level 3.3 Armour
 + Level 1.0 Dodging
 + Level 3.4 Shields


You had 3 spell levels left.
You didn't know any spells.

Dungeon Overview and Level Annotations

Branches:
Dungeon (3/15)

Annotations:
D:3 Sigmund


Message History

* * * LOW HITPOINT WARNING * * *
You feel less confused.
The giant newt bites you but does no damage.
Something hits you.
* * * LOW HITPOINT WARNING * * *
The giant newt bites you but does no damage.
You see here 10 bolts.
You block the giant newt's attack.
You miss the giant newt.
The giant newt bites you but does no damage.
Something hits you but does no damage.
You barely miss the giant newt. Something hits you.
* * * LOW HITPOINT WARNING * * *
The giant newt bites you but does no damage.
You slash the giant newt!
You kill the giant newt!
You hear some strange, mumbled words.
Something tries to affect you, but you resist.
Something hits you.
You die...

.#..................>.$.
.##.#..#...#######......
.##...#............#.[#
.....###...###.#.#....# .#
###...#.##.# #..#.#.#.#..##
#.....##.###.#..........#
#..##.##.##....(....###...#
#..##.#......#%#....#
#..##.#......#@#..#.#
#..##.#.####.#.#..#...
###..##.#.####.#.#.#......
.##............#..###.####
.##.#......###.#.## #.
.##.#.#....##.....###.#
.........###.#.#.#.#.#
.##.................#
.####....###.#.#.#.##


There were no monsters in sight!

Vanquished Creatures
  A jelly (D:3)
  An adder (D:2)
  A giant mite (D:1)
  2 worms
  A giant gecko (D:1)
  A ball python (D:1)
  8 bats
  2 giant cockroaches
  A hobgoblin (D:2)
  3 giant newts
  6 goblins
  2 jackals (D:1)
  5 kobolds
  5 rats
  A bush (D:2)
40 creatures vanquished.

Notes
Turn   | Place    | Note
--------------------------------------------------------------
     0 | D:1      | Autism, the Demigod Fighter, began the quest for the Orb.
     0 | D:1      | Reached XP level 1. HP: 18/18 MP: 2/2
   356 | D:1      | Reached skill level 3 in Armour
   356 | D:1      | Reached XP level 2. HP: 23/25 MP: 3/3
   691 | D:1      | Reached XP level 3. HP: 31/31 MP: 5/5
   988 | D:2      | Found a radiant altar of Vehumet.
  1786 | D:3      | Found a blossoming altar of Fedhas.
  1787 | D:3      | Found a stormy altar of Qazlal.
  1840 | D:3      | Reached skill level 1 in Dodging
  1840 | D:3      | Reached XP level 4. HP: 38/38 MP: 7/7
  1954 | D:3      | Noticed Sigmund
  1974 | D:3      | Slain by Sigmund

Action                   |  1- 3 |  4- 6 || total
-------------------------+-------+-------++-------
Melee: War axe           |   182 |     7 ||   189
  Eat: Bread ration      |     1 |       ||     1
